 Dungeon Crawl Stone Soup version 0.20.0-15-g7f486f2 (webtiles) character file.

2656 Lavandula the Cleaver (level 9, 32/76 HPs)
             Began as a Deep Dwarf Hunter on June 10, 2017.
             Was a Follower of Makhleb.
             Quit the game on level 9 of the Dungeon.
             The game lasted 00:22:05 (7636 turns).

Lavandula the Cleaver (Deep Dwarf Hunter)           Turns: 7636, Time: 00:22:05

Health: 32/76      AC: 13    Str: 17    XL:     9   Next: 36%
Magic:  1/1        EV: 12    Int: 13    God:    Makhleb [*.....]
Gold:   332        SH:  0    Dex: 14    Spells: 8/8 levels left

rFire    . . .     SeeInvis .   M - +0 war axe
rCold    + . .     Gourm    .   (no shield)
rNeg     . . .     Faith    .   D - +5 ring mail "Gurghuil" {rC+}
rPois    +         Spirit   .   K - +0 helmet
rElec    .         Reflect  .   (no cloak)
rCorr    +         Harm     .   z - +0 pair of gloves
MR       +....                  (no boots)
Stlth    ..........             H - amulet of inaccuracy (curse)
Regen    0.0/turn               e - ring of resist corrosion
MPRegen  0.1/turn               u - ring of loudness (curse)

@: non-regenerating
A: damage resistance, heal wounds, sense surroundings 2, poison resistance, no
regeneration
a: Heal Wounds, Renounce Religion


You were on level 9 of the Dungeon.
You worshipped Makhleb.
Makhleb was aware of your devotion.
You were very hungry.

You visited 2 branches of the dungeon, and saw 11 of its levels.

You collected 332 gold pieces.

Inventory:

Hand Weapons
 a - a +1 hand crossbow
 b - a +0 short sword
 y - a +0 hand axe of chopping
 M - a +0 war axe (weapon)
Missiles
 p - a tomahawk of returning
 E - a tomahawk (quivered)
 L - a bolt
Armour
 c - a +0 leather armour
 d - a +0 chain mail
 z - a +0 pair of gloves (worn)
 D - the +5 ring mail "Gurghuil" (worn) {rC+}
   (You found it on level 6 of the Dungeon)

   It protects you from cold.
 K - a +0 helmet (worn)
Jewellery
 e - a ring of resist corrosion (left hand)
 u - a cursed ring of loudness (right hand)
 C - a cursed +6 amulet of reflection {unknown}
 H - a cursed amulet of inaccuracy (around neck)
 N - an uncursed ring of protection from cold {unknown}
 O - an uncursed ring of fire {unknown}
Wands
 R - a wand of digging (3/24)
Scrolls
 j - 4 scrolls of identify {unknown}
 l - 4 scrolls of teleportation {unknown}
 m - 2 scrolls of amnesia {unknown}
 o - 2 scrolls of fog {unknown}
 r - 2 scrolls of blinking {unknown}
 s - 2 scrolls of fear {unknown}
 t - 5 scrolls of random uselessness {unknown}
 v - 3 scrolls of recharging {unknown}
 A - 3 scrolls of remove curse {unknown}
 F - a scroll of immolation {unknown}
 P - a scroll of magic mapping {unknown}
Potions
 g - 2 potions of curing {unknown}
 h - 2 potions of mutation {unknown}
 i - a potion of degeneration {unknown}
 k - 2 potions of magic {unknown}
 w - 2 potions of heal wounds {unknown}
 x - a potion of cancellation {unknown}
 B - 2 potions of might {unknown}
 J - 2 potions of brilliance {unknown}
Books
 I - a book of Misfortune

   Spells                             Type                      Level
   a - Confusing Touch                Hexes                        1
   b - Confuse                        Hexes                        3
   c - Gell's Gravitas                Translocation                3
   d - Petrify                        Transmutation/Earth          4
   e - Metabolic Englaciation         Hexes/Ice                    5
   f - Yara's Violent Unravelling     Hexes/Transmutation          5
 Q - a book of Air

   Spells                             Type                      Level
   a - Shock                          Conjuration/Air              1
   b - Swiftness                      Charms/Air                   2
   c - Static Discharge               Conjuration/Air              3
   d - Airstrike                      Air                          4
   e - Lightning Bolt                 Conjuration/Air              5
Comestibles
 f - 5 bread rations
 n - 11 fruits
 q - 3 meat rations
 G - 2 royal jellies


   Skills:
 + Level 3.4 Fighting
 * Level 11.4 Axes
 - Level 5.9 Crossbows
 - Level 2.1 Throwing
 + Level 3.7 Armour
 + Level 3.2 Dodging
 - Level 1.2 Stealth


You had 8 spell levels left.
You didn't know any spells.

Dungeon Overview and Level Annotations

Branches:
Dungeon (10/15)            Temple (1/1) D:6
   Lair: D:8-11         Orc: D:9-12

Altars:
Ashenzari
Cheibriados
Elyvilon
Fedhas
Gozag
Hepliaklqana
Makhleb
Qazlal
Sif Muna
Uskayaw
Vehumet
Xom
Zin
The Shining One

Annotations:
D:6 1 runed door
D:9 Lavandula's ghost, novice DDHu
D:10 Snorg


Innate Abilities, Weirdness & Mutations

You are resistant to damage.
You can heal yourself by infusing magical energy.
You passively map the area around you.
You do not regenerate.
Your system is resistant to poisons. (rPois)


Message History

The ice beast is heavily wounded.
The ice beast hits you. The ice beast freezes you. You resist.
You slash the ice beast!
The ice beast is severely wounded.
You hit the sky beast.
The ice beast hits you but does no damage.
The sky beast hits you but does no damage.
You completely miss the ice beast.
The ice beast is severely wounded.
You barely miss the sky beast. The ice beast barely misses you.
The sky beast hits you but does no damage.
You miss the ice beast.
The ice beast is severely wounded.
You closely miss the sky beast. The ice beast closely misses you.
The sky beast flickers out of sight!
Deactivating autopickup; reactivate with Ctrl-A.
Something hits you but does no damage.
You are too injured to fight recklessly!
You are too injured to fight recklessly!
Are you sure you want to abandon this character and quit the game? (Confirm with "yes".)

* ** ** **#.....(. ,* , .......
, , .....# * , , * #....# * #
#....# * , ,, , #.#....####..#,
* ##.....Y{.....#..# , ,
.......@#####.#..# .W.
##...#......#.#..# ...,
#...#...##.#.#..# ..
*...#.#..#......# # ,..
#.##....#......####### #.
,#######.####..#............#
#.* ...........................)
#.#########.#####..##.########%#
#............# #.....<......#.#


You could see an ice beast.

Vanquished Creatures
  Pikel (D:8)
  A water moccasin (D:6)
  A phantom (D:8)
  A sky beast (D:9)
  2 orc warriors
  A slave (D:8)
  An ogre (D:9)
  A black bear (D:9)
  A necrophage (D:7)
  A centaur (D:9)
  A crocodile (D:9)
  A bullfrog (D:6)
  A wyvern zombie (D:7)
  A scorpion (D:8)
  2 crimson imps (D:6)
  A bullfrog zombie (D:8)
  2 centaur skeletons (D:6)
  5 hounds
  A jelly (D:5)
  2 orc priests (D:9)
  2 bullfrog skeletons
  2 orc wizards (D:7)
  3 iguanas
  10 worker ants
  A hound skeleton (D:4)
  3 gnolls (D:3)
  14 adders
  A shadow imp (D:7)
  An ooze (D:2)
  2 adder skeletons
  2 worms
  6 leopard geckos
  20 orcs
  2 ball pythons
  A giant cockroach (D:3)
  7 goblins
  8 hobgoblins
  6 jackals
  9 kobolds
  A quokka (D:2)
  A bat (D:3)
  8 frilled lizards
  A rat (D:2)
139 creatures vanquished.

Notes
Turn   | Place    | Note
-------+----------+-------------------------------------------
     0 | D:1      | Lavandula the Deep Dwarf Hunter began the quest for the Orb.
     0 | D:1      | Reached XP level 1. HP: 19/19 MP: 1/1
   253 | D:1      | Reached XP level 2. HP: 24/26 MP: 2/2
   325 | D:1      | Reached skill level 5 in Crossbows
   758 | D:2      | Reached XP level 3. HP: 21/32 MP: 3/3
  1333 | D:2      | Reached skill level 1 in Throwing
  1333 | D:2      | Reached XP level 4. HP: 26/39 MP: 4/4
  1599 | D:2      | Noticed an angel
  1600 | D:2      | Found a glowing silver altar of Zin.
  1932 | D:3      | Found a white marble altar of Elyvilon.
  2301 | D:3      | Reached skill level 1 in Axes
  2496 | D:3      | Found a white marble altar of Elyvilon.
  2497 | D:3      | Found a hazy altar of Hepliaklqana.
  2561 | D:3      | Reached XP level 5. HP: 39/45 MP: 5/5
  2593 | D:4      | Reached skill level 2 in Axes
  2715 | D:4      | Reached skill level 3 in Axes
  2971 | D:4      | Reached skill level 4 in Axes
  3001 | D:4      | Found an opulent altar of Gozag.
  3026 | D:4      | Reached XP level 6. HP: 29/52 MP: 5/5
  3084 | D:4      | Found a glowing golden altar of the Shining One.
  3300 | D:5      | Entered Level 5 of the Dungeon
  3393 | D:5      | Reached skill level 5 in Axes
  4097 | D:5      | Found a deep blue altar of Sif Muna.
  4232 | D:6      | Noticed a water moccasin
  4236 | D:6      | Got a jewelled ring mail
  4251 | D:6      | Killed a water moccasin
  4251 | D:6      | Reached skill level 6 in Axes
  4251 | D:6      | Reached XP level 7. HP: 30/58 MP: 5/5
  4477 | D:6      | Reached skill level 7 in Axes
  4572 | D:6      | Found a staircase to the Ecumenical Temple.
  4667 | D:6      | Found a shimmering altar of Xom.
  4676 | Temple   | Entered the Ecumenical Temple
  4689 | Temple   | Became a worshipper of Makhleb the Destroyer
  4812 | D:7      | Found a shattered altar of Ashenzari.
  4924 | D:7      | Reached skill level 8 in Axes
  4937 | D:7      | Identified the +5 ring mail "Gurghuil" {rC+} (You found it on level 6 of the Dungeon)
  5078 | D:7      | Reached XP level 8. HP: 49/67 MP: 5/5
  5532 | D:7      | Reached skill level 9 in Axes
  5532 | D:7      | Reached skill level 1 in Armour
  5850 | D:8      | Noticed a two-headed ogre
  6326 | D:6      | Found a runed door.
  6831 | D:8      | Reached * piety under Makhleb
  6831 | D:8      | Reached skill level 10 in Axes
  6846 | D:8      | Noticed Pikel
  6882 | D:8      | Killed Pikel
  6882 | D:8      | Gained mutation: You passively map the area around you. [Deep Dwarf growth]
  6882 | D:8      | Reached XP level 9. HP: 37/75 MP: 4/4
  6950 | D:8      | Noticed a two-headed ogre
  7009 | D:9      | Noticed Lavandula's ghost (novice DDHu)
  7105 | D:9      | Reached skill level 11 in Axes
  7129 | D:9      | Gained mutation: Your system is resistant to poisons. (rPois) [mutagenic meat]
  7440 | D:10     | Entered Level 10 of the Dungeon
  7495 | D:10     | Noticed Snorg
  7636 | D:9      | Quit the game

Skill      XL: |  1  2  3  4  5  6  7  8  9 |
---------------+----------------------------+-----
Crossbows      | 5 |  5.9
Throwing       | 1 2 |  2.1
Axes           | 1 4 6 8 10 11 | 11.4
Fighting       | 3 |  3.4
Armour         | 3 |  3.7
Dodging        | 3 |  3.2
Stealth        | |  1.2

Action                   |  1- 3 |  4- 6 |  7- 9 || total
-------------------------+-------+-------+-------++-------
Melee: Short sword       |    13 |    43 |       ||    56
       Hand axe          |       |   160 |   216 ||   376
       War axe           |       |       |   225 ||   225
 Fire: Hand crossbow     |    76 |    42 |     6 ||   124
Throw: Tomahawk          |     2 |    19 |    33 ||    54
 Abil: Heal Wounds       |     1 |     4 |    16 ||    21
Evoke: Wand              |       |       |     1 ||     1
 Stab: Sleeping          |       |     5 |       ||     5
  Eat: Chunk             |       |     9 |     8 ||    17
       Meat ration       |       |       |     1 ||     1
Armor: Leather armour    |     7 |    46 |    17 ||    70
       Ring mail         |       |       |   101 ||   101
Dodge: Dodged            |    28 |   141 |   211 ||   380
